 Dungeon Crawl Stone Soup version 0.21.1-1-g345015f (webtiles) character file.

51 inc the Scratcher (level 3, 17/17 HPs)
             Began as a Felid Monk on Mar 7, 2018.
             Was a Believer of Nemelex Xobeh.
             Quit the game on level 3 of the Dungeon.
             The game lasted 00:03:39 (2758 turns).

inc the Scratcher (Felid Monk)                      Turns: 2758, Time: 00:03:40

Health: 17/17      AC:  1    Str:  7    XL:     3   Next: 57%
Magic:  4/4        EV: 19    Int: 12    God:    Nemelex Xobeh [**....]
Gold:   108        SH:  0    Dex: 18    Spells: 2/2 levels left
                                        Lives:  0   Deaths: 1

rFire    . . .     SeeInvis +     - Unarmed
rCold    . . .     Gourm    .   (shield unavailable)
rNeg     . . .     Faith    .   (armour unavailable)
rPois    .         Spirit   .   (helmet unavailable)
rElec    .         Reflect  .   (cloak unavailable)
rCorr    .         Harm     .   (gloves unavailable)
MR       .....                  (boots unavailable)
Stlth    +++.......             (no amulet)
HPRegen  0.05/turn              (no ring)
MPRegen  0.09/turn              (no ring)

@: quick
A: very small, no armour, no weapons or thrown items, stealth, claws 1, fangs 3,
see invisible, carnivore, speed 1, shaggy fur 1, slow metabolism 1, sharp paws
a: Renounce Religion


You were on level 3 of the Dungeon.
You worshipped Nemelex Xobeh.
Nemelex Xobeh was pleased with you.
You were not hungry.

You visited 1 branch of the dungeon, and saw 3 of its levels.

You collected 108 gold pieces.

Inventory:

Wands
 q - a wand of enslavement (12)
Scrolls
 d - 2 scrolls of remove curse {unknown}
 h - a scroll of enchant armour {unknown}
 i - 2 scrolls of identify {unknown}
 k - 2 scrolls of teleportation {unknown}
 l - a scroll of noise {unknown}
 m - 3 scrolls of amnesia {unknown}
 p - a scroll of fog {unknown}
Potions
 b - a potion of berserk rage {unknown}
 c - a potion of degeneration {unknown}
 e - a potion of mutation {unknown}
 f - a potion of lignification {unknown}
 g - a potion of cancellation {unknown}
 j - a potion of haste {unknown}
 n - a potion of heal wounds {unknown}
 o - a potion of flight {unknown}
Miscellaneous
 r - a plain deck of summoning
 s - a plain deck of summoning
Comestibles
 a - 5 rations


   Skills:
 - Level 3.0 Fighting
 - Level 4.0 Dodging
 - Level 2.6 Stealth
 + Level 5.4 Unarmed Combat


You had 2 spell levels left.
You didn't know any spells.

Dungeon Overview and Level Annotations

Branches:
Dungeon (3/15)

Altars:
Nemelex Xobeh
Wu Jian

Annotations:
D:3 Mirai's ghost, amateur HOFi


Innate Abilities, Weirdness & Mutations

You cannot wear armour.
You are incapable of wielding weapons or throwing items.
Your paws allow you to move quietly. (Stealth)
You have sharp claws.
You have razor-sharp teeth.
You have supernaturally acute eyesight. (SInv)
You are carnivorous and can eat meat at any time.
You cover ground quickly.
You are covered in fur. (AC +1)
You have a slow metabolism.
Your sharp claws are effective at attacking unaware monsters.


Message History

You see here an adder corpse.
A worm comes into view.
A worm is nearby!
An adder comes into view.
The worm bites you!
You scratch the worm.
The worm is lightly wounded.
You claw the worm!
The worm is severely wounded.
The worm misses you.
You barely miss the worm.
The worm is heavily wounded.
The worm bites you!
Ouch! That really hurt!
You die...
You are now level 3!
You rejoin the land of the living...
Found 19 gold pieces.
Unknown command.
Are you sure you want to abandon this character and quit the game? (Confirm with "yes".)

## ####
.##..)..
........
...########.#
.##.##.
....$$.@....#
..#.#
#############
##..# #.#
#.##.#
##....#
##<##### ...#
...#


There were no monsters in sight!

Vanquished Creatures
  3 adders
  2 oozes (D:2)
  5 worms (D:2)
  2 dart slugs (D:1)
  2 leopard geckos (D:3)
  An orc (D:3)
  3 ball pythons (D:1)
  2 giant cockroaches (D:1)
  3 hobgoblins
  4 kobolds
  2 quokkas
  4 bats (D:1)
  9 frilled lizards (D:3)
  6 goblins
  9 rats
57 creatures vanquished.

Notes
Turn   | Place    | Note
-------+----------+-------------------------------------------
     0 | D:1      | inc the Felid Monk began the quest for the Orb.
     0 | D:1      | Reached XP level 1. HP: 10/10 MP: 2/2
   223 | D:1      | Reached XP level 2. HP: 10/14 MP: 3/3
   820 | D:2      | Reached skill level 4 in Unarmed Combat
  1168 | D:2      | Reached XP level 3. HP: 12/17 MP: 4/4
  1704 | D:3      | Noticed Mirai's ghost (amateur HOFi)
  1998 | D:2      | Reached XP level 4. HP: 4/21 MP: 5/5
  2251 | D:2      | Reached skill level 5 in Unarmed Combat
  2582 | D:2      | Found a faded altar of an unknown god.
  2587 | D:2      | Found an ornate altar of the Wu Jian Council.
  2620 | D:2      | Became a worshipper of Nemelex Xobeh the Trickster
  2620 | D:2      | Received a gift from Nemelex Xobeh
  2620 | D:2      | Reached * piety under Nemelex Xobeh
  2620 | D:2      | Received a gift from Nemelex Xobeh
  2620 | D:2      | Reached ** piety under Nemelex Xobeh
  2757 | D:3      | Slain by a worm
  2758 | D:3      | Reached XP level 3. HP: 0/17 MP: 4/4
  2758 | D:3      | Quit the game

Skill      XL: |  1  2  3  4 |
---------------+-------------+-----
Unarmed Combat | 4 5 |  5.4
Fighting       | |  3.0
Dodging        | |  4.0
Stealth        | |  2.6

Action                   |  1- 3 |  4- 6 || total
-------------------------+-------+-------++-------
Melee: Unarmed           |   105 |    32 ||   137
       Bite              |     7 |     3 ||    10
       Punch             |     3 |       ||     3
 Stab: Sleeping          |    10 |     7 ||    17
       Distracted        |     1 |       ||     1
  Eat: Chunk             |     7 |       ||     7
Armor: Skin              |     6 |       ||     6
Dodge: Dodged            |    82 |    10 ||    92
